 Dungeon Crawl Stone Soup version 0.17.0-28-g6e173f8 (webtiles) character file.

6488 youngkai the Cleaver (level 10, -6/91 HPs)
             Began as a Minotaur Fighter on Nov 25, 2015.
             Was a High Priest of Okawaru.
             Mangled by a komodo dragon (16 damage)
             ... on level 8 of the Dungeon on Nov 26, 2015.
             The game lasted 00:17:54 (6172 turns).

youngkai the Cleaver (Minotaur Fighter)             Turns: 6172, Time: 00:17:55

Health: -6/91      AC: 13    Str: 21    XL:     10   Next: 68%
Magic:  9/9        EV: 15    Int:  5    God:    Okawaru [*****.]
Gold:   343        SH:  0    Dex: 13    Spells: 0 memorised, 9 levels left

rFire  . . .     SeeInvis .     a - +0 war axe
rCold  . . .     Clarity  .     y - +2 ring mail {MR+}
rNeg   . . .     SustAt   .     (no shield)
rPois  +         Gourm    .     (helmet restricted)
rElec  .         Spirit   .     D - +0 cloak
rCorr  .         Warding  .     z - +2 pair of gloves
rMut   .         Stasis   .     (no boots)
MR     +....                    I - amulet of faith (curse)
Stlth  +.........               L - ring of poison resistance
                                o - +3 ring of slaying

@: somewhat resistant to hostile enchantments, very unstealthy
A: retaliatory headbutt, horns 2
a: Heroism, Finesse, Renounce Religion


You were on level 8 of the Dungeon.
You worshipped Okawaru.
Okawaru was extremely pleased with you.
You were very full.

You visited 2 branches of the dungeon, and saw 11 of its levels.

You collected 343 gold pieces.

Inventory:

Hand Weapons
 a - a +0 war axe (weapon)
Missiles
 u - 3 throwing nets (quivered)
Armour
 y - a +2 ring mail of magic resistance (worn)
 z - a +2 pair of gloves (worn)
 D - a +0 cloak (worn)
 N - a +0 plate armour
Jewellery
 o - a +3 ring of slaying (left hand)
 I - a cursed amulet of faith (around neck)
 L - a ring of poison resistance (right hand)
Wands
 f - a wand of confusion (35)
 x - a wand of fireball (7)
 A - a wand of fire (3)
 H - a wand of draining (4)
Scrolls
 c - 2 scrolls of noise {unknown}
 h - 4 scrolls of teleportation
 i - 2 scrolls of magic mapping {unknown}
 j - a scroll of enchant armour {unknown}
 k - 3 scrolls of remove curse {unknown}
 m - a scroll of random uselessness {unknown}
 n - 2 scrolls of blinking {unknown}
 p - a scroll of recharging {unknown}
 v - 3 scrolls of amnesia {unknown}
 w - 2 scrolls of enchant weapon {unknown}
 J - 2 scrolls of identify
Potions
 b - 2 potions of magic
 d - 5 potions of might
 g - 2 potions of haste
 l - a potion of brilliance {unknown}
 r - 2 potions of agility {unknown}
 s - 2 potions of berserk rage {unknown}
 t - 2 potions of poison
 E - a potion of invisibility {unknown}
 G - a potion of resistance {unknown}
 M - a potion of flight
Comestibles
 e - 7 bread rations
 q - a slice of pizza
 B - 7 beef jerkies
 C - 8 fruits


   Skills:
 + Level 9.3 Fighting
 * Level 12.5 Axes
 + Level 9.3 Armour
 + Level 7.8 Dodging
   Level 3.8 Shields


You had 9 spell levels left.
You didn't know any spells.

Dungeon Overview and Level Annotations

Branches:
Dungeon (10/15)            Temple (1/1) D:4
   Lair: D:8-11         Orc: D:9-12

Altars:
Ashenzari
Cheibriados
Dithmenos
Fedhas
Gozag
Makhleb
Okawaru
Qazlal
Ru
Sif Muna
Trog
Vehumet
The Shining One

Shops:
D:7 [   D:8 (


Innate Abilities, Weirdness & Mutations

You reflexively headbutt those who attack you in melee.
You have a pair of horns on your head.


Message History

The komodo dragon is moderately wounded.
The komodo dragon bites you!!
* * * LOW HITPOINT WARNING * * *
You are too injured to fight recklessly!
You are too injured to fight recklessly!
You fail to use your ability.
The komodo dragon misses you. You furiously retaliate!
You headbutt the komodo dragon, but do no damage.
You hit the komodo dragon. Your headbutt misses the komodo dragon.
The komodo dragon is moderately wounded.
The komodo dragon bites you!
* * * LOW HITPOINT WARNING * * *
You slash the komodo dragon! Your headbutt misses the komodo dragon.
The komodo dragon is heavily wounded.
The komodo dragon bites you!
* * * LOW HITPOINT WARNING * * *
You hit the komodo dragon.
The komodo dragon is heavily wounded.
The komodo dragon bites you!
You die...

.#######.#
........##
>....####
###.#####
........#
#######.#### .
#.##.##### ##..#
#........###...#
#########.@l#
#####


You could see a komodo dragon.

Vanquished Creatures
  A queen ant (D:8)
  Pikel (D:4)
  The ghost of M4edhros the Covert, a novice OpWn (D:6)
  A troll (D:9)
  5 yaks (D:8)
  15 soldier ants (D:8)
  Edmund (D:4)
  Duvessa (D:5)
  A phantom (D:7)
  2 orc warriors
  3 ogres
  An ice beast (D:9)
  A centaur (D:9)
  Blork the orc (D:4)
  Dowan (D:5)
  3 killer bees (D:9)
  2 scorpions
  An electric eel (D:6)
  A crimson imp (D:9)
  2 hounds
  2 jellies (D:7)
  2 orc priests
  A quasit (D:9)
  2 giant frog skeletons (D:4)
  5 orc wizards
  20 worker ants
  A killer bee zombie (D:6)
  An iguana (D:8)
  7 adders
  5 gnolls
  3 shadow imps
  2 oozes
  An adder skeleton (D:6)
  26 orcs
  6 bats
  2 giant cockroaches
  7 hobgoblins
  7 jackals (D:3)
  8 kobolds
  3 quokkas
  3 ball pythons
  9 giant geckos
  A giant gecko skeleton (D:5)
  A giant gecko zombie (D:7)
  10 giant newts
  7 goblins
  4 rats
191 creatures vanquished.

Notes
Turn   | Place    | Note
--------------------------------------------------------------
     0 | D:1      | youngkai the Minotaur Fighter began the quest for the Orb.
     0 | D:1      | Reached XP level 1. HP: 19/19 MP: 0/0
   161 | D:1      | Reached XP level 2. HP: 27/27 MP: 1/1
   451 | D:1      | You fall through a shaft!
   451 | D:2      | Found a faded altar to an unknown god.
   480 | D:2      | Reached skill level 4 in Armour
   495 | D:2      | Reached XP level 3. HP: 30/33 MP: 2/2
   946 | D:2      | Found a burning altar of Makhleb.
   993 | D:2      | Reached skill level 1 in Dodging
  1461 | D:3      | Reached XP level 4. HP: 29/40 MP: 3/3
  1965 | D:4      | Found a staircase to the Ecumenical Temple.
  1981 | Temple   | Entered the Ecumenical Temple
  2003 | Temple   | Became a worshipper of Warmaster Okawaru
  2136 | D:4      | Noticed a slave
  2137 | D:4      | Noticed Pikel
  2137 | D:4      | Noticed a slave
  2138 | D:4      | Noticed a slave
  2139 | D:4      | Noticed a slave
  2147 | D:4      | Killed Pikel
  2147 | D:4      | Reached * piety under Okawaru
  2147 | D:4      | Reached skill level 5 in Fighting
  2147 | D:4      | Reached skill level 6 in Axes
  2147 | D:4      | Reached skill level 5 in Armour
  2147 | D:4      | Reached XP level 5. HP: 11/48 MP: 4/4
  2147 | D:4      | Reached XP level 6. HP: 12/56 MP: 5/5
  2147 | D:4      | Reached XP level 7. HP: 13/61 MP: 6/6
  2286 | D:4      | Noticed Blork the orc
  2297 | D:4      | Killed Blork the orc
  2372 | D:4      | Noticed Edmund
  2379 | D:4      | Killed Edmund
  2379 | D:4      | Reached ** piety under Okawaru
  2379 | D:4      | Reached skill level 7 in Axes
  2688 | D:4      | Found a sacrificial altar of Ru.
  2691 | D:4      | Found a stormy altar of Qazlal.
  2761 | D:4      | Found a snail-covered altar of Cheibriados.
  3048 | D:5      | Entered Level 5 of the Dungeon
  3146 | D:5      | Noticed Dowan
  3148 | D:5      | Noticed Duvessa
  3156 | D:5      | Killed Duvessa
  3156 | D:5      | Reached XP level 8. HP: 66/70 MP: 4/7
  3157 | D:5      | Killed Dowan
  3685 | D:6      | Reached skill level 8 in Axes
  3750 | D:6      | Noticed M4edhros's ghost (novice OpWn)
  3761 | D:6      | Killed M4edhros's ghost
  3761 | D:6      | Reached skill level 5 in Dodging
  3935 | D:6      | Reached *** piety under Okawaru
  4207 | D:6      | Reached skill level 9 in Axes
  4370 | D:7      | Found a shattered altar of Ashenzari.
  4483 | D:7      | Reached XP level 9. HP: 58/79 MP: 8/8
  4485 | D:7      | Found a bloodstained altar of Trog.
  4582 | D:7      | Found Qepnaoj's Armour Emporium.
  4796 | D:7      | Found a blossoming altar of Fedhas.
  4885 | D:7      | You fall through a shaft for 3 floors!
  4885 | D:10     | Entered Level 10 of the Dungeon
  4909 | D:9      | Reached skill level 10 in Axes
  5076 | D:8      | Reached **** piety under Okawaru
  5601 | D:8      | Noticed a queen ant
  5610 | D:8      | Reached skill level 11 in Axes
  5634 | D:8      | Killed a queen ant
  5634 | D:8      | Reached ***** piety under Okawaru
  5634 | D:8      | Reached XP level 10. HP: 45/90 MP: 9/9
  5660 | D:8      | Found Jalod's Antique Weapon Shoppe.
  5715 | D:8      | Reached skill level 12 in Axes
  6165 | D:8      | Noticed a komodo dragon
  6172 | D:8      | Mangled by a komodo dragon

Action                   |  1- 3 |  4- 6 |  7- 9 | 10-12 || total
-------------------------+-------+-------+-------+-------++-------
Melee: War axe           |   109 |    71 |   259 |   118 ||   557
Invok: Heroism           |       |       |     5 |     1 ||     6
  Use: Scroll            |       |       |     4 |       ||     4
       Potion            |       |       |     2 |     2 ||     4
  Eat: Chunk             |     2 |     2 |    11 |       ||    15
       Meat ration       |       |       |       |     2 ||     2
